 Dungeon Crawl Stone Soup version 0.29.0-4-gdea44cf6ec (console) character file.

Game seed: 12902082637472344995

452261 jejorda2 the Peltast (level 24, 0/137 HPs)
             Began as a Vine Stalker Berserker on Aug 27, 2022.
             Was the Champion of Trog.
             Constricted to death by a tentacled monstrosity (4 damage)
             ... on level 3 of the Depths.
             The game lasted 04:12:51 (54131 turns).

jejorda2 the Peltast (Vine Stalker Berserker)      Turns: 54131, Time: 04:12:51

Health: 0/137      AC: 28    Str: 20    XL:     24   Next: 0%
Magic:  0/24       EV: 13    Int: 11    God:    Trog [******]
Gold:   2796       SH: 18    Dex: 29    Spells: 23/23 levels left

rFire   + . .      SeeInvis +   a - +9 quick blade (freeze)
rCold   + . .      Faith    +   Y - +0 kite shield
rNeg    . . .      Spirit   +   p - +1 chain mail "Waraket" {Contam rElec Slay+5 Stlth+}
rPois   +          Reflect  .   Z - +2 hat of Too Many Cooks {Drain rPois Dex+7}
rElec   +          Harm     .   g - +0 cloak
rCorr   .          Rampage  +   X - +1 pair of gloves of Temperance {rPois SInv}
Will    +++++                   e - +2 pair of boots {rampage}
Stlth   +.........              b - amulet of faith
HPRegen 2.12/turn               S - +4 ring of protection
MPRegen 0.19/turn               O - ring of protection from fire

@: strong-willed, on berserk cooldown, regenerating, slowed, constricted,
studying Short Blades, very slow
A: fangs 3, regeneration 1, magic shield, antimagic bite, no potion heal 2,
clever 1, clumsy 1, cold resistance 1
}: 3/15 runes: barnacled, silver, gossamer
a: Renounce Religion, Berserk, Trog's Hand, Brothers in Arms


You were on level 3 of the Depths.
You worshipped Trog.
Trog was exalted by your worship.
You visited 8 branches of the dungeon, and saw 41 of its levels.
You visited 2 bazaars.
You also visited: Ice Cave and Desolation.

You collected 7267 gold pieces.
You spent 4471 gold pieces at shops.

Inventory:

Hand Weapons
 a - a +9 quick blade of freezing (weapon)
Missiles
 i - 13 throwing nets
 k - 15 atropa-tipped darts
 n - 4 silver boomerangs
 t - 19 poisoned darts
 y - 8 silver javelins
 F - 16 javelins
 I - a curare-tipped dart
 K - 36 boomerangs (quivered)
Armour
 c - a +0 tower shield
 e - a +2 pair of boots of rampaging (worn)
 g - a +0 cloak (worn)
 p - the +1 chain mail "Waraket" (worn) {Contam rElec Slay+5 Stlth+}
   (You found it on level 2 of the Spider Nest)

   Slay:      It affects your accuracy & damage with ranged weapons and melee
   (+5).
   rElec:     It insulates you from electricity.
   Contam:    It causes magical contamination when unequipped.
   Stlth:     It makes you more stealthy.
 X - the +1 pair of gloves of Temperance (worn) {rPois SInv}
   (You acquired it on level 2 of the Orcish Mines)

   rPois:     It protects you from poison.
   SInv:      It lets you see invisible.
 Y - a +0 kite shield (worn)
 Z - the +2 hat of Too Many Cooks (worn) {Drain rPois Dex+7}
   (You found it on level 1 of the Vaults)

   Dex:       It affects your dexterity (+7).
   rPois:     It protects you from poison.
   Drain:     It drains your maximum health when unequipped.
Jewellery
 b - an amulet of faith (around neck)
 d - a ring of flight
 O - a ring of protection from fire (right hand)
 P - the ring "Saoc" {rN+ rCorr Dex+6}
   (You found it on level 3 of the Elven Halls)

   [ring of dexterity]

   Dex:       It affects your dexterity (+6).
   rN:        It protects you from negative energy.
   rCorr:     It protects you from acid and corrosion.
 S - a +4 ring of protection (left hand)
Wands
 q - a wand of flame (70)
 x - a wand of mindburst (46)
 C - a wand of charming (34)
 R - a wand of digging (6)
 T - a wand of polymorph (13)
 U - a wand of iceblast (24)
Scrolls
 r - 10 scrolls of teleportation
 v - 3 scrolls of summoning
 w - 9 scrolls of immolation
 A - 6 scrolls of fog
 E - 3 scrolls of silence
 G - 6 scrolls of blinking
 H - 7 scrolls of fear
 L - 3 scrolls of poison
Potions
 f - 4 potions of cancellation
 h - 13 potions of curing
 l - 4 potions of invisibility
 m - 8 potions of flight
 o - 3 potions of mutation
 s - 5 potions of magic
 u - 4 potions of ambrosia
 D - 7 potions of attraction
 J - 4 potions of haste
 N - 2 potions of resistance
 Q - 3 potions of might
Miscellaneous
 z - a tin of tremorstones (2/2)
 B - a phial of floods
 M - a lightning rod (4/4)
 V - a condenser vane


   Skills:
 + Level 18.0 Fighting
 - Level 14.0 Short Blades
 - Level 16.0 Throwing
 - Level 16.0 Armour
 - Level 10.4 Dodging
 - Level 3.0 Stealth
 + Level 20.0 Shields
 - Level 9.0 Evocations


You had 23 spell levels left.
You didn't know any spells.
Your spell library was empty.

Dungeon Overview and Level Annotations

Branches:
Dungeon (15/15)            Temple (0/1) D:4            Lair (5/5) D:10
 Shoals (4/4) Lair:2       Spider (4/4) Lair:3        Slime (0/5) Lair:5
    Orc (2/2) D:9             Elf (3/3) Orc:2        Vaults (5/5) D:14
  Crypt (0/3) Vaults:2     Depths (2/4) D:15          IceCv (visited)
Desolation (visited)

Altars:
Ashenzari
Cheibriados
Dithmenos
Elyvilon
Hepliaklqana
Nemelex Xobeh
Okawaru
Uskayaw
Vehumet
Xom
Zin
Jiyva
Lugonu

Shops:
D:6 (   D:8 ?   D:9 (   D:15 *   Orc:1 ?   Orc:2 [=*?   Elf:1 *   Elf:2 :==:
Shoals:1 ?   Shoals:2 [**   Shoals:4 ((*[[   Vaults:1 *   Vaults:5 !!(((

Portals:
Hell: Depths:1
Abyss: Lair:5
Pandemonium: Depths:2

Annotations:
Depths:3 2 runed translucent doors


Innate Abilities, Weirdness & Mutations

You have razor-sharp teeth.
Your natural rate of healing is unusually fast.
When hurt, damage is shared between your health and your magic reserves.
Your bite disrupts and absorbs the magic of your enemies.
Potions cannot restore your health.
Your mind is acute. (Int +4, Str/Dex -1)
You are clumsy. (Dex -2)
Your flesh is cold resistant. (rC+)


Message History

The tentacled monstrosity tentacle-slaps you but does no damage.
You block the tentacled monstrosity's attack.
The spark wasp stings you but does no damage.
The spark wasp attacks as you move away!
You block the spark wasp's attack.
The tentacled monstrosity attacks as you move away!
The tentacled monstrosity tentacle-slaps you!
* * * LOW HITPOINT WARNING * * *
You block the tentacled monstrosity's attack.
The tentacled monstrosity tentacle-slaps you but does no damage.
You block the tentacled monstrosity's attack.
A fire giant comes into view.
It is wielding a +2 great sword of flaming.
Found a dagger and a robe.
The wizard reads a scroll.
Wisps of shadow swirl around the wizard.
The fire giant casts a spell at you.
The fireball explodes!
The fireball engulfs you! You resist.
* * * LOW HITPOINT WARNING * * *
The fire giant moves out of view.
You hear a shout!
The deep troll shaman attacks as you move away!
You block the deep troll shaman's attack.
The deep troll shaman closely misses you.
The deep troll shaman claws you but does no damage.
The tentacled monstrosity attacks as you move away!
The tentacled monstrosity tentacle-slaps you but does no damage. x2
The tentacled monstrosity tentacle-slaps you!
* * * LOW HITPOINT WARNING * * *
The tentacled monstrosity closely misses you.
The frost giant shouts!
The fire giant casts a spell at you.
The fireball explodes!
The fireball engulfs you!! You resist.
* * * LOW HITPOINT WARNING * * *
The frost giant casts a spell at you. The bolt of cold hits you! You resist.
* * * LOW HITPOINT WARNING * * *
You block the tentacled monstrosity's attack. x2
The tentacled monstrosity barely misses you.
The tentacled monstrosity grabs you.
The tentacled monstrosity constricts you.
You die...

.## ....## #.....##
........##
...#.#.#.#.##
#.#..p#.#.#@####
#.#...X..X....# #
#..D#.#p#.#....#
...#.#.#D#yC....#..
........C...##..###
#.....VT..#.# ..#)#
###.....#......C...
###.
##......#.##..#[#
...###..##)...# .


You could see 2 tentacled monstrosities, an iron dragon (summoned), a frost
giant, 2 fire giants, an ice dragon, a vampire knight (magic disrupted), a spark
wasp, a hell knight (fast) and a deep troll shaman.

Vanquished Creatures
  A juggernaut (Depths:3)
  Margery (Vaults:2)
  3 golden dragons (Vaults:5)
  Arachne (Spider:4)
  2 tentacled monstrosities (Vaults:5)
  Mlioglotl (Shoals:4)
  A lich (Vaults:1)
  5 titans (Vaults:5)
  2 deep elf master archers (Elf:3)
  A quicksilver dragon (Vaults:5)
  2 deep elf blademasters (Elf:3)
  2 krakens
  3 sphinxes
  8 tengu reavers
  The ghost of Keherigeeg the Fencer, an adept FoCK of Xom (Shoals:3)
  Roxanne (Elf:3)
  A fenstrider witch (Shoals:4)
  3 shadow dragons (Vaults:5)
  2 iron dragons (Vaults:5)
  2 fire giants (Vaults:5)
  5 emperor scorpions
  A balrug (Depths:1)
  5 frost giants
  2 imperial myrmidons (Desolation)
  25 vault wardens
  5 deep elf sorcerers
  2 ghost moths
  Aizul (Shoals:4)
  2 orc warlords
  4 broodmothers
  A ghoul (Vaults:2)
  14 ironbound preservers
  4 war gargoyles (Vaults:5)
  11 stone giants
  A reaper (IceCv)
  A very ugly thing (Vaults:5)
  3 deep elf elementalists
  Nessos (Lair:4)
  8 ironbound thunderhulks
  5 deep elf demonologists
  15 dire elephants
  10 deep elf annihilators
  A halazid warlock (Desolation)
  2 spark wasps (Spider:4)
  6 entropy weavers
  3 fire dragons
  A green death (Depths:2)
  5 deep elf death magi
  An ettin (shapeshifter) (Depths:3)
  5 merfolk javelineers
  A fire dragon (shapeshifter) (Vaults:5)
  10 merfolk impalers
  9 ettins
  5 crystal guardians
  12 yaktaur captains
  4 deep elf high priests
  3 great orbs of eyes
  9 servants of whispers (Desolation)
  A rakshasa (Depths:1)
  6 ragged hierophants (Desolation)
  30 vault guards
  10 peacekeepers
  Erolcha (D:11)
  2 spriggan air magi
  3 radroaches
  A death knight (D:13)
  A jorogumo (Spider:3)
  An ogre mage (D:15)
  6 hydras
  2 merfolk avatars (Shoals:4)
  2 alligator snapping turtles (Shoals:4)
  9 boulder beetles
  15 centaur warriors
  26 dancing weapons
  5 ironbound frosthearts
  4 two-headed ogres
  2 deep troll earth magi (Depths:1)
  4 deep troll shamans
  5 tengu warriors
  2 hell hogs (Depths:1)
  5 merfolk aquamancers
  A death scarab (Spider:4)
  3 satyrs
  A vampire mage (Depths:3)
  3 thrashing horrors (Lair:5)
  A spriggan berserker (Depths:3)
  5 hell knights (Vaults:2)
  4 orc high priests (Orc:2)
  19 deep elf knights
  2 iron trolls
  A titan skeleton (Vaults:2)
  A sun demon (Depths:1)
  Nergalle (D:10)
  3 sun moths
  A skeletal warrior (Vaults:2)
  5 pharaoh ants
  7 steelbarb worms
  A quicksilver dragon simulacrum (Depths:1)
  11 sea snakes
  42 deep trolls
  9 deep elf archers
  A swamp dragon (shapeshifter) (Vaults:5)
  Pikel (D:5)
  9 wizards
  9 orb spiders
  16 ironbound convokers
  A lindwurm (shapeshifter) (Vaults:5)
  10 orc knights
  9 harpies (Shoals:4)
  A harpy (shapeshifter) (Lair:5)
  5 phantasmal warriors
  24 deep elf zephyrmancers
  34 deep elf pyromancers
  5 necromancers
  4 lindwurms
  A manticore (shapeshifter) (Vaults:5)
  3 orc sorcerers
  14 wolf spiders
  22 ugly things
  A sphinx skeleton (Vaults:2)
  23 fauns
  2 fauns (shapeshifter)
  10 manticores
  16 slime creatures
  5 cyclopes
  A fire giant zombie (Depths:1)
  A human skeleton (Vaults:4)
  5 moths of wrath
  2 elephants (Lair:5)
  A moth of wrath (shapeshifter) (Lair:5)
  11 merfolk sirens
  A black mamba (shapeshifter) (Lair:5)
  2 ice statues
  8 water nymphs
  2 black mambas
  The ghost of hilljack the Sneak, a novice DECj (D:6)
  4 guardian serpents (Desolation)
  A gargoyle (D:13)
  2 torpor snails
  9 cane toads
  3 naga magi (Vaults:1)
  14 vault sentinels
  2 rime drakes
  2 freezing wraiths
  34 yaktaurs
  5 demonic crawlers
  An efreet (D:15)
  6 komodo dragons
  A rime drake (shapeshifter) (Lair:5)
  A tengu conjurer (Depths:1)
  A kobold demonologist (D:14)
  A hellwing (Depths:2)
  2 ancient zymes (Lair:5)
  2 red devils (Depths:2)
  5 meliai
  An unseen horror skeleton (D:6)
  35 merfolk
  4 polar bears
  A meliai (shapeshifter) (D:14)
  5 trolls
  3 tarantellas (shapeshifter)
  59 saltlings (Desolation)
  32 tarantellas
  5 wind drakes
  13 blink frogs
  A wind drake (shapeshifter) (D:15)
  Prince Ribbit (D:7)
  A dream sheep (shapeshifter) (Vaults:5)
  19 dream sheep
  3 snapping turtles (Shoals:4)
  A stone giant simulacrum (Depths:1)
  An ettin zombie (Vaults:4)
  19 jumping spiders
  16 water elementals
  19 culicivoras
  Sigmund (D:5)
  A vampire (D:11)
  5 air elementals
  6 wraiths
  3 dire elephant simulacra (IceCv)
  A spriggan (Lair:4)
  A human (shapeshifter) (Lair:5)
  A shadow (D:14)
  7 wyverns
  16 humans (D:14)
  11 basilisks
  A fire bat (shapeshifter) (Vaults:5)
  46 yaks
  4 fire elementals
  57 redbacks
  2 chaos spawn
  2 death yak simulacra (IceCv)
  2 steam dragons
  A large abomination (Lair:5)
  9 vampire mosquitoes
  3 harpy simulacra (IceCv)
  A warg (Orc:2)
  9 water moccasins
  A hydra simulacrum (IceCv)
  4 acid dragons
  A floating eye (Depths:1)
  Duvessa (D:5)
  36 orc warriors
  6 ice beasts
  An ettin simulacrum (Vaults:4)
  3 black bears
  12 ogres
  An ogre (shapeshifter) (D:14)
  4 boggarts (Vaults:2)
  6 wolves (Lair:4)
  12 centaurs
  A phantom (D:6)
  3 kobold brigands
  10 bullfrogs
  2 necrophages (D:4)
  3 two-headed ogre simulacra (IceCv)
  4 earth elementals
  5 scorpions
  12 wights
  Dowan (D:5)
  2 elephant simulacra (IceCv)
  5 killer bees (D:9)
  8 electric eels
  8 small abominations (Lair:5)
  2 howler monkeys
  A centaur zombie (D:6)
  6 hounds
  3 human simulacra
  30 orc priests
  2 jellies
  3 gnoll boudas
  3 iguanas
  31 orc wizards
  Ijyb (D:4)
  8 troll simulacra (IceCv)
  2 polar bear simulacra (IceCv)
  3 spriggan simulacra (IceCv)
  A wolf simulacrum (IceCv)
  2 howler monkey zombies (D:6)
  15 gnolls
  10 adders
  12 naga simulacra (IceCv)
  9 white imps
  5 ufetubi (IceCv)
  4 dart slugs
  A worm (D:2)
  112 orcs
  8 ball pythons
  2 bats
  7 endoplasms
  4 giant cockroaches
  9 goblins
  8 hobgoblins
  3 jackals (D:3)
  8 quokkas
  2 frilled lizards (D:2)
  28 kobolds
  5 rats
  2 butterflies (Lair:2)
1800 creatures vanquished.

Vanquished Creatures (collateral kills)
  A dread lich (Vaults:5)
  2 tentacled monstrosities (Vaults:5)
  A deep elf sorcerer (Elf:3)
  A vault warden (Vaults:5)
  A frost giant (Depths:3)
  An emperor scorpion (Spider:4)
  A deep elf elementalist (Elf:3)
  2 deep elf demonologists (Elf:3)
  A spark wasp (Spider:4)
  A yaktaur captain (Vaults:3)
  A fire dragon (Depths:3)
  A deep elf high priest (Elf:3)
  An ironbound frostheart (Vaults:2)
  A deep elf knight (Elf:3)
  2 deep trolls
  A wizard (Vaults:3)
  2 deep elf pyromancers
  An ugly thing (Vaults:3)
  An elephant (Lair:5)
  2 yaktaurs (Vaults:3)
  An ancient zyme (Lair:5)
  A polar bear (Lair:5)
  A meliai (D:13)
  3 blink frogs (Lair:3)
  A jumping spider (Spider:2)
  A culicivora (Spider:4)
  A yak (Lair:5)
  3 redbacks (Spider:4)
  An ice beast (Lair:3)
  3 worms (Lair:3)
  A giant cockroach (Lair:3)
42 creatures vanquished.

Vanquished Creatures (others)
  A spark wasp (Spider:4)
  A merfolk avatar (Shoals:4)
  A manticore (Shoals:2)
  A tarantella (Spider:2)
  An orc warrior (Orc:2)
  An orc priest (Orc:2)
  An orc (Elf:3)
  29 fungi
  78 plants
  8 tentacles
122 creatures vanquished.

Grand Total: 1964 creatures vanquished

Notes
Turn   | Place    | Note
-------+----------+-------------------------------------------
     0 | D:1      | jejorda2 the Vine Stalker Berserker began the quest for the
                  | Orb.
     0 | D:1      | Reached XP level 1. HP: 11/11 MP: 2/2
   142 | D:1      | Reached XP level 2. HP: 8/16 MP: 3/3
   827 | D:1      | Reached XP level 3. HP: 13/15 MP: 4/4
  1452 | D:2      | Gained mutation: Your natural rate of healing is unusually
                  | fast. [Vine Stalker growth]
  1452 | D:2      | Reached XP level 4. HP: 18/24 MP: 5/5
  1527 | D:2      | Reached ** piety under Trog
  1540 | D:2      | Found a faded altar of an unknown god.
  1913 | D:2      | Reached XP level 5. HP: 28/28 MP: 6/6
  2286 | D:3      | Reached XP level 6. HP: 28/33 MP: 3/7
  2710 | D:3      | Gained mutation: You are frail. (-10% HP) [potion of
                  | mutation]
  2710 | D:3      | Gained mutation: Your muscles are strong. (Str +4, Int/Dex
                  | -1) [potion of mutation]
  2740 | D:3      | Reached *** piety under Trog
  3482 | D:4      | Reached XP level 7. HP: 33/33 MP: 8/8
  3638 | D:4      | Reached skill level 5 in Short Blades
  3825 | D:4      | Noticed Ijyb
  3839 | D:4      | HP: 1/34 [disintegration (16)]
  3842 | D:4      | Killed Ijyb
  3908 | D:4      | Found a sparkling altar of Nemelex Xobeh.
  3930 | D:4      | Gained mutation: You have razor-sharp teeth. [Vine Stalker
                  | growth]
  3930 | D:4      | Reached XP level 8. HP: 22/37 MP: 5/9
  4000 | D:4      | Found a staircase to the Ecumenical Temple.
  4318 | D:4      | Lost mutation: Your muscles are strong. (Str +4, Int/Dex
                  | -1) [potion of mutation]
  4318 | D:4      | Lost mutation: You are frail. (-10% HP) [potion of
                  | mutation]
  4318 | D:4      | Gained mutation: Your flesh is cold resistant. (rC+)
                  | [potion of mutation]
  4631 | D:5      | Entered Level 5 of the Dungeon
  4794 | D:5      | Noticed Pikel
  4810 | D:5      | Killed Pikel
  4811 | D:5      | Reached skill level 5 in Fighting
  4812 | D:5      | Reached XP level 9. HP: 47/47 MP: 7/10
  4904 | D:5      | Identified the +8 flail "Ristiz" {vorpal, Contam rPois rN+
                  | Dex+8}
  4971 | D:5      | Noticed Dowan
  4973 | D:5      | Noticed Duvessa
  4994 | D:5      | Killed Duvessa
  4998 | D:5      | Killed Dowan
  5076 | D:5      | Noticed Sigmund
  5099 | D:5      | Killed Sigmund
  5595 | D:6      | Found a hazy altar of Hepliaklqana.
  5596 | D:6      | Found a shadowy altar of Dithmenos.
  5655 | D:6      | Found Ohecucij's Antique Weapon Shop.
  5874 | D:6      | Found a runed translucent gate.
  5874 | D:6      | Found a runed translucent gate.
  5874 | D:6      | Found a runed translucent gate.
  5876 | D:6      | Noticed hilljack's ghost (novice DECj)
  5892 | D:6      | Reached skill level 5 in Dodging
  5954 | D:6      | Reached skill level 5 in Armour
  6106 | D:6      | Reached skill level 1 in Evocations
  6119 | D:6      | Killed hilljack's ghost
  6120 | D:6      | Reached XP level 10. HP: 53/53 MP: 11/11
  6207 | D:7      | Noticed Prince Ribbit
  6216 | D:7      | Killed Prince Ribbit
  6887 | D:7      | Reached **** piety under Trog
  7265 | D:8      | Found a shimmering altar of Xom.
  7265 | D:8      | Noticed an angel
  7271 | D:8      | Found a glowing silver altar of Zin.
  7305 | D:8      | Found a broken altar of Ashenzari.
  7308 | D:8      | Found an iron altar of Okawaru.
  7527 | D:8      | Found Qassasev's Magic Scroll Shoppe.
  7593 | D:8      | Bought a scroll of blinking for 105 gold pieces
  7593 | D:8      | Bought a scroll of fear for 56 gold pieces
  7917 | D:8      | Found a white marble altar of Elyvilon.
  8000 | D:9      | Found Duptuimi's Weapon Shoppe.
  8128 | D:9      | Found a staircase to the Orcish Mines.
  8228 | D:9      | Reached ***** piety under Trog
  8453 | D:9      | Reached skill level 10 in Short Blades
  8932 | D:10     | Entered Level 10 of the Dungeon
  8932 | D:10     | Noticed Nergalle
  8947 | D:10     | Killed Nergalle
  8954 | D:10     | Reached skill level 5 in Evocations
  8954 | D:10     | Reached XP level 11. HP: 60/60 MP: 12/12
  8997 | D:10     | Found a snail-covered altar of Cheibriados.
  9188 | D:10     | Found the +7 Kryia's mail coat {PotionHeal*2 rC+}
  9282 | D:10     | Reached skill level 1 in Throwing
  9348 | D:10     | Found a staircase to the Lair.
  9788 | Lair:1   | Entered Level 1 of the Lair of Beasts
  9835 | Lair:1   | You fall into a shaft and drop 1 floor!
 10097 | Lair:2   | Noticed a six-headed hydra
 10107 | Lair:2   | Killed a six-headed hydra
 10231 | Lair:2   | Reached skill level 5 in Throwing
 10275 | Lair:2   | Noticed a six-headed hydra
 10287 | Lair:2   | Killed a six-headed hydra
 10467 | Lair:2   | Reached XP level 12. HP: 67/67 MP: 13/13
 10494 | Lair:2   | Reached skill level 10 in Fighting
 10534 | Lair:2   | Found a staircase to the Shoals.
 10590 | Lair:2   | Identified the +1 chain mail of Nirph {rN+++}
 11440 | Lair:3   | Found a hole to the Spider Nest.
 11529 | Lair:3   | Reached skill level 1 in Stealth
 11963 | Lair:4   | Noticed Nessos
 11980 | Lair:4   | Killed Nessos
 12027 | Lair:4   | Noticed a six-headed hydra
 12032 | Lair:4   | Killed a six-headed hydra
 12250 | Lair:4   | Noticed a four-headed hydra
 12265 | Lair:4   | Killed a four-headed hydra
 12266 | Lair:4   | Reached XP level 13. HP: 76/76 MP: 14/14
 12478 | Lair:4   | Received a gift from Trog
 13241 | Lair:5   | Entered Level 5 of the Lair of Beasts
 13689 | Lair:5   | Found a viscous altar of Jiyva.
 13689 | Lair:5   | Found a staircase to the Slime Pits.
 14341 | Lair:5   | Identified the +8 quarterstaff of Fortitude {vorpal, rF-
                  | Str+4 Dex+4}
 14618 | Lair:5   | Reached XP level 14. HP: 82/82 MP: 15/15
 14722 | Lair:5   | Found a corrupted altar of Lugonu.
 14722 | Lair:5   | Found a one-way gate to the infinite horrors of the Abyss.
 15180 | D:11     | Found a frozen archway.
 15201 | IceCv    | Entered an ice cave
 15290 | IceCv    | Received a gift from Trog
 16593 | IceCv    | Noticed a reaper
 16637 | IceCv    | Killed a reaper
 16695 | IceCv    | Found the +8 frozen axe "Frostbite" {freezing cloud, *Noise
                  | Fly rC+}
 17035 | D:11     | Noticed Erolcha
 17051 | D:11     | Killed Erolcha
 17454 | D:11     | Identified the +2 robe of Amemafe {Harm rElec Will++ Str-2}
 18951 | D:13     | Received a gift from Trog
 19332 | D:14     | Found a gate to the Vaults.
 19536 | D:14     | Reached skill level 1 in Shields
 19632 | D:14     | Reached skill level 2 in Shields
 19781 | D:14     | Reached skill level 3 in Shields
 19799 | D:14     | Reached XP level 15. HP: 88/88 MP: 16/16
 20043 | D:14     | Found a hide-covered altar of Uskayaw.
 20129 | D:14     | Found a shadowy altar of Dithmenos.
 20289 | D:15     | Entered Level 15 of the Dungeon
 20378 | D:15     | Reached skill level 4 in Shields
 20608 | D:15     | Reached skill level 5 in Shields
 20758 | D:15     | Found a staircase to the Depths.
 21063 | D:15     | Found Perheu's Assorted Antiques.
 21156 | D:15     | Reached skill level 6 in Shields
 21269 | D:15     | Received a gift from Trog
 21598 | Orc:1    | Entered Level 1 of the Orcish Mines
 21601 | Orc:1    | Found Zennun's Magic Scroll Shoppe.
 21786 | Orc:1    | Bought a scroll of acquirement for 832 gold pieces
 21788 | Orc:1    | Acquired a manual of Short Blades
 21811 | Orc:2    | Entered Level 2 of the Orcish Mines
 21991 | Orc:1    | You fall into a shaft and drop 1 floor!
 22097 | Orc:2    | Reached skill level 7 in Shields
 22165 | Orc:2    | Found a staircase to the Elven Halls.
 22501 | Orc:2    | Received a gift from Trog
 23145 | Orc:2    | Found Ugremo's Antique Armour Emporium.
 23145 | Orc:2    | Found Kicuqyta's Assorted Antiques.
 23146 | Orc:2    | Found Pyriyrph's Magic Scroll Shoppe.
 23151 | Orc:2    | Found Fonutt's Jewellery Emporium.
 23190 | Orc:2    | Bought a large beryl amulet for 110 gold pieces
 23196 | Orc:2    | Bought a crude kite shield for 275 gold pieces
 23196 | Orc:2    | Identified the +2 kite shield of Time Monsters {*Corrode
                  | rPois rF+} (You bought it in a shop on level 2 of the
                  | Orcish Mines)
 23210 | Orc:2    | Bought a scroll of acquirement for 780 gold pieces
 23211 | Orc:2    | Acquired the +1 pair of gloves of Temperance {rPois SInv}
 23363 | Spider:1 | Entered Level 1 of the Spider Nest
 23763 | Spider:1 | Reached skill level 8 in Shields
 24701 | Spider:2 | Reached skill level 9 in Shields
 24814 | Spider:2 | Reached XP level 16. HP: 93/93 MP: 17/17
 25370 | Spider:2 | Reached skill level 10 in Shields
 25449 | Spider:2 | Identified the +1 chain mail "Waraket" {Contam rElec Slay+5
                  | Stlth+}
 26400 | Spider:3 | Paralysed by a jorogumo for 2 turns
 26455 | Spider:3 | Received a gift from Trog
 26464 | Spider:3 | Reached skill level 11 in Shields
 27206 | Spider:4 | Entered Level 4 of the Spider Nest
 27299 | Spider:4 | Reached skill level 12 in Shields
 27549 | Spider:4 | Noticed Arachne
 27563 | Spider:4 | Killed Arachne
 28076 | Spider:4 | Reached skill level 13 in Shields
 28480 | Spider:4 | Reached XP level 17. HP: 86/98 MP: 18/18
 28499 | Spider:4 | Reached skill level 15 in Fighting
 28517 | Spider:4 | Received a gift from Trog
 29126 | Spider:4 | Got a gossamer rune of Zot
 29307 | Shoals:1 | Entered Level 1 of the Shoals
 29536 | Shoals:1 | Found Usmulow's Magic Scroll Shop.
 29562 | Shoals:1 | Reached skill level 14 in Shields
 30340 | Shoals:2 | Found Rosiusegh's Assorted Antiques.
 30344 | Shoals:2 | Found a flickering gateway to a bazaar.
 30354 | Bazaar   | Entered a bazaar
 30373 | Bazaar   | Found Suelaini's Jewellery Shop.
 30373 | Bazaar   | Found Koabbuj's Book Boutique.
 30413 | Shoals:2 | Found Ynweh's Assorted Antiques.
 31136 | Shoals:2 | Found Hiatifuh's Armour Boutique.
 31411 | Shoals:1 | Bought a scroll of silence for 114 gold pieces
 31543 | Shoals:2 | Received a gift from Trog
 31763 | Shoals:3 | Found a runed translucent door.
 31765 | Shoals:3 | Noticed Keherigeeg's ghost (adept FoCK)
 32045 | Shoals:3 | Noticed a kraken
 32081 | Shoals:3 | Killed a kraken
 32082 | Shoals:3 | Reached XP level 18. HP: 42/104 MP: 15/19
 32671 | Shoals:3 | Killed Keherigeeg's ghost
 32677 | Shoals:3 | Reached skill level 10 in Throwing
 32758 | Shoals:4 | Entered Level 4 of the Shoals
 32758 | Shoals:4 | Found Xipor's Antique Weapon Shop.
 32820 | Shoals:4 | Received a gift from Trog
 33095 | Shoals:4 | Reached skill level 15 in Shields
 33271 | Shoals:4 | Found Wempes's Antique Armour Boutique.
 33320 | Shoals:4 | Found Zobuoz's Assorted Antiques.
 33350 | Shoals:4 | Bought a slimy plate armour for 840 gold pieces
 33350 | Shoals:4 | Identified the +4 plate armour "Duihex" {Regen+ Str+4} (You
                  | bought it in a shop on level 4 of the Shoals)
 33350 | Shoals:4 | Bought a glowing helmet for 225 gold pieces
 33368 | Shoals:4 | Noticed Mlioglotl
 33391 | Shoals:4 | Killed Mlioglotl
 33498 | Shoals:4 | Found Onirhyo's Antique Weapon Shop.
 33571 | Shoals:4 | Noticed Aizul
 33610 | Shoals:4 | Killed Aizul
 33660 | Shoals:4 | Found Cierphyno's Antique Armour Shop.
 33697 | Shoals:4 | Identified the +7 gold dragon scales of Nihilism {*Slow
                  | +Blink rPois rF+ rC+ Int+4}
 33727 | Shoals:3 | Gained mutation: You are frail. (-10% HP) [mutagenic glow]
 33806 | Shoals:3 | Lost mutation: Your flesh is cold resistant. (rC+) [potion
                  | of mutation]
 33806 | Shoals:3 | Lost mutation: You are frail. (-10% HP) [potion of
                  | mutation]
 33806 | Shoals:3 | Gained mutation: Your spells are a little harder to cast,
                  | but a little more powerful. [potion of mutation]
 33806 | Shoals:3 | Gained mutation: Your body sometimes deteriorates upon
                  | taking damage. [potion of mutation]
 33806 | Shoals:3 | Gained mutation: You are occasionally teleported next to
                  | monsters. [potion of mutation]
 33806 | Shoals:3 | Gained mutation: You are partially covered in iridescent
                  | scales. (AC +2) [potion of mutation]
 33807 | Shoals:3 | Lost mutation: Your body sometimes deteriorates upon taking
                  | damage. [potion of mutation]
 33807 | Shoals:3 | Lost mutation: You are partially covered in iridescent
                  | scales. (AC +2) [potion of mutation]
 33807 | Shoals:3 | Gained mutation: You are clumsy. (Dex -2) [potion of
                  | mutation]
 33808 | Shoals:3 | Lost mutation: Your spells are a little harder to cast, but
                  | a little more powerful. [potion of mutation]
 33808 | Shoals:3 | Lost mutation: You are occasionally teleported next to
                  | monsters. [potion of mutation]
 33808 | Shoals:3 | Gained mutation: Your mind is acute. (Int +4, Str/Dex -1)
                  | [potion of mutation]
 33808 | Shoals:3 | Gained mutation: Your flesh is cold resistant. (rC+)
                  | [potion of mutation]
 34633 | Shoals:4 | Reached skill level 10 in Armour
 34648 | Shoals:4 | Got a barnacled rune of Zot
 34978 | Elf:1    | Entered Level 1 of the Elven Halls
 35073 | Elf:1    | Found the +6 shillelagh "Devastator" {shatter}
 35083 | Elf:1    | Paralysed by an air elemental for 1 turns
 35086 | Elf:1    | Paralysed by an air elemental for 1 turns
 35779 | Elf:1    | Found Leepteg's General Store.
 36200 | Elf:2    | Reached XP level 19. HP: 109/109 MP: 20/20
 36222 | Elf:2    | Paralysed by an air elemental for 1 turns
 36363 | Elf:2    | Found Jexu Xizorgh's Book Shop.
 36945 | Elf:2    | Identified the +0 pair of gloves of the Zebra {rElec rC+
                  | Int+4 Stlth+}
 37133 | Elf:2    | Found Gyibant's Jewellery Shoppe.
 37134 | Elf:2    | Found Raos's Book Shop.
 37136 | Elf:2    | Found Tykkif's Jewellery Shoppe.
 37166 | Elf:2    | Found a runed translucent gate.
 37167 | Elf:2    | Found a runed translucent gate.
 37167 | Elf:2    | Found a runed translucent gate.
 37547 | Elf:2    | Reached ****** piety under Trog
 37581 | Elf:2    | Received a gift from Trog
 38124 | Shoals:1 | Bought a scroll of enchant weapon for 90 gold pieces
 39002 | Elf:3    | Entered Level 3 of the Elven Halls
 39059 | Elf:3    | Found a flickering gateway to a bazaar.
 39060 | Elf:3    | Paralysed by an air elemental for 1 turns
 39143 | Bazaar   | Entered a bazaar
 39145 | Bazaar   | Found Wataorgh's Armour Boutique.
 39149 | Bazaar   | Found Yniafus's Weapon Boutique.
 39149 | Bazaar   | Found Cedua's Jewellery Boutique.
 39150 | Bazaar   | Found Kaak Qey's General Store.
 39165 | Bazaar   | Bought an amulet of faith for 480 gold pieces
 39170 | Bazaar   | Bought a +1 pair of boots of rampaging for 214 gold pieces
 39213 | Elf:3    | Identified Roxanne's Parchment of the Caves
 39213 | Elf:3    | Noticed Roxanne
 39268 | Elf:3    | Killed Roxanne
 39366 | Elf:3    | Received a gift from Trog
 40370 | Vaults:1 | Entered Level 1 of the Vaults
 40913 | Vaults:1 | Reached XP level 20. HP: 114/114 MP: 21/21
 41319 | Vaults:1 | Reached skill level 15 in Throwing
 41322 | Vaults:1 | Found a radiant altar of Vehumet.
 41337 | Vaults:1 | Identified the +2 hat of Too Many Cooks {Drain rPois Dex+7}
 41474 | Vaults:1 | Found Giunupp's General Store.
 42112 | Vaults:2 | Received a gift from Trog
 42160 | Vaults:2 | Noticed Margery
 42178 | Vaults:2 | Killed Margery
 42648 | Vaults:2 | Found a staircase to the Crypt.
 42944 | Vaults:2 | Received a gift from Trog
 43603 | Vaults:2 | Received a gift from Trog
 44250 | Elf:2    | Bought a ring of protection from fire for 350 gold pieces
 45201 | Vaults:3 | Reached XP level 21. HP: 99/119 MP: 22/22
 45813 | Vaults:3 | Reached skill level 15 in Armour
 46264 | Vaults:4 | Received a gift from Trog
 46302 | Vaults:4 | Found a crumbling gateway.
 46317 | Desolati | Entered the Desolation of Salt
 46406 | Desolati | Identified the amulet "Oprot" {Reflect Str+2 SH+5}
 46579 | Desolati | Reached skill level 10 in Dodging
 46678 | Desolati | Identified the +1 morningstar "Sijenn" {drain, Int+3}
 46800 | Desolati | Received a gift from Trog
 46940 | Desolati | Identified the +2 robe of Ceusisk {Dex+2}
 46941 | Desolati | Identified the ring "Quosel" {rF- rCorr Str-3 Int+7 Dex+6}
 47284 | Desolati | Received a gift from Trog
 48140 | Vaults:4 | Reached XP level 22. HP: 126/126 MP: 23/23
 48461 | Vaults:4 | Received a gift from Trog
 49015 | Elf:3    | Identified the ring of Existentialism {Ice rN++}
 49352 | Elf:3    | Received a gift from Trog
 49372 | Elf:3    | Identified the +3 trident of the Blue Skies {freeze, MP+9}
 49402 | Elf:3    | Identified the +0 leather armour of Terror {Str+7 Int+2
                  | Slay-4}
 49469 | Elf:3    | Identified the +5 chain mail "Haorr" {rCorr}
 49541 | Elf:3    | Identified the +7 flail of Muhoc {holy, rElec rN+ Dex-2}
 49621 | Elf:3    | Identified the ring of Lerox {Wiz Int+2}
 49649 | Elf:3    | Identified the +2 robe of the Pure Hells {Str+5}
 49667 | Elf:3    | Identified the ring "Saoc" {rN+ rCorr Dex+6}
 50029 | Vaults:5 | Entered Level 5 of the Vaults
 50179 | Vaults:5 | Reached skill level 16 in Shields
 50284 | Vaults:5 | Received a gift from Trog
 50473 | Vaults:5 | Identified the +1 leather armour of Disguise {rElec rF+ rC+
                  | rN++}
 50759 | Vaults:5 | Noticed a golden dragon
 50778 | Vaults:5 | Killed a golden dragon
 50792 | Vaults:5 | Noticed a golden dragon
 50822 | Vaults:5 | Killed a golden dragon
 50858 | Vaults:5 | Received a gift from Trog
 50917 | Vaults:5 | Found Yffo Samp's Antique Weapon Shoppe.
 50952 | Vaults:5 | Reached XP level 23. HP: 123/133 MP: 24/24
 51037 | Vaults:5 | Reached skill level 17 in Shields
 51115 | Vaults:5 | Noticed a golden dragon
 51120 | Vaults:5 | Noticed a dread lich
 51127 | Vaults:5 | Killed a golden dragon
 51128 | Vaults:5 | Found Xeiph's Antique Weapon Shoppe.
 51144 | Vaults:5 | Killed a dread lich
 51637 | Vaults:5 | Received a gift from Trog
 51646 | Vaults:5 | Reached skill level 18 in Shields
 51708 | Vaults:5 | Got a silver rune of Zot
 52049 | Vaults:5 | Found Okherph's Antique Weapon Boutique.
 52125 | Vaults:5 | Found Fimnash's Distillery.
 52248 | Vaults:5 | Found Imes's Distillery.
 52545 | Depths:1 | Entered Level 1 of the Depths
 52723 | Depths:1 | Paralysed by a floating eye for 4 turns
 52886 | Depths:1 | Reached skill level 19 in Shields
 53073 | Depths:1 | Found a gateway to Hell.
 53084 | Depths:1 | Received a gift from Trog
 53086 | Depths:1 | Identified the +10 demon blade of the Pyrrhic Victory
                  | {drain, Dex+3}
 53588 | Depths:2 | Acquired 571 gold pieces
 53709 | Depths:2 | Found a one-way gate leading to the halls of Pandemonium.
 53907 | Depths:2 | You fall into a shaft and drop 1 floor!
 53907 | Depths:3 | Found a broken altar of Ashenzari.
 54050 | Depths:3 | Found a runed translucent door.
 54053 | Depths:3 | Noticed a caustic shrike
 54057 | Depths:3 | Found a runed translucent door.
 54099 | Depths:3 | Noticed a juggernaut
 54117 | Depths:3 | Killed a juggernaut
 54118 | Depths:3 | Reached skill level 20 in Shields
 54124 | Depths:3 | Reached XP level 24. HP: 47/137 MP: 17/24
 54125 | Depths:3 | Identified the +1 robe "Heif" {Stlth+}
 54131 | Depths:3 | HP: 4/137 [frost giant/bolt of cold (5)]
 54131 | Depths:3 | Constricted to death by a tentacled monstrosity

Illustrated notes

Levels and vault maps discovered:
D:1:      spicycebolla_green_bress_n_ham_2, layout_basic, serial_forest,
          infiniplex_forest_clump_tiny, infiniplex_forest_clump_double,
          infiniplex_forest_clump_cross, infiniplex_forest_lined_room_,
          infiniplex_forest_zigzag_2, infiniplex_forest_zigzag_1, minivault_26,
          serial_bayou_pond_e
D:2:      layout_loops_ring, shapermc_ecumenical_altar_mp_urbaneastern
D:3:      kennysheep_six_static_rooms, layout_loops_corners
D:4:      layout_basic, nemelex_spade_bored_becter, minmay_temple_entry_waves,
          serial_glass, glass_columns_c, glass_columns_b, minmay_small_thing,
          uniq_ijyb
D:5:      layout_cave_pools, uniq_duvessa, uniq_sigmund, uniq_pikel
D:6:      layout_basic, riverfiend_overflow_shadow_ancestor,
          gammafunk_ghost_necromancy, serial_shops, shop
D:7:      layout_cave_pools, serial_bayou, serial_bayou_ford_a,
          serial_bayou_crossing, serial_bayou_lagoon_a, serial_bayou_pond_e,
          serial_bayou_lake_a, uniq_prince_ribbit1
D:8:      layout_rooms, grunt_temple_overflow_order_and_chaos_1,
          lemuel_crystal_altar, mainiacjoe_overflow_catwalk_spiral,
          serial_shops, shop_statue
D:9:      layout_basic, minmay_orc_entry_temple_small, serial_shops,
          nicolae_shop_bloodbath_and_beyond, minmay_splitting_lines
D:10:     layout_stronghold, mainiacjoe_overflow_cross_hatched,
          grunt_lair_entry_orc_guard_hut, uniq_nergalle
D:11:     layout_roguey [special_room_orc], portal_ice_cave_entry_pillars_1,
          uniq_erolcha
D:12:     layout_rooms, special_room [special_room_orc]
D:13:     layout_rooms
D:14:     layout_cave_pools, david_vaults_3, grunt_dithmenos_shadows, drop_trap,
          minmay_misc_feat_pillars, eat_drink_and_be_merry_uskayaw
D:15:     grunt_enter_depths_snipers, layout_stronghold, chequers_garden,
          serial_shops, shop
Lair:1:   layout_regular_city
Lair:2:   layout_roguey, minmay_shoals_entry_centaurs, grunt_megastairs_1,
          lemuel_fruit_tree, lemuel_fruit_fields
Lair:3:   layout_small_grid, nicolae_spider_entry_non_spiders, st_stairs_10,
          ice2_lemuel, infiniplex_staircase_pool
Lair:4:   layout_hall_layers, grunt_forest_large_clearing_hut,
          grunt_megastairs_4, uniq_nessos
Lair:5:   hellmonk_lair_end_abyssal_woods, layout_regular_city,
          dpeg_slime_entry_enclosed
Shoals:1: layout_shoals, nicolae_take_the_stairs
Shoals:2: layout_shoals, serial_shops, freezing_bzr, shop,
          nicolae_shop_statue_plus, shop
Shoals:3: layout_shoals, ebering_ghost_inner_flame
Shoals:4: shoals_end_grunt_ice, layout_shoals, serial_shops,
          nicolae_shop_hallway_plus,
          nicolae_shop_temple_entry_statues_fountains, shop, shop_statue,
          nicolae_shop_advertising_works [nicolae_subvault_shop_adworks],
          nicolae_shoals_beach_house_on_fowls_legs, uniq_mlioglotl, uniq_aizul
Spider:1: layout_cave_pods
Spider:2: layout_chambers, drop_trap
Spider:3: layout_spider_delve
Spider:4: guppyfry_spider_rune, nicolae_spider_bug_shape, uniq_arachne
Orc:1:    layout_caves, serial_shops, nicolae_shop_window_shopping
Orc:2:    st_orc_mages, layout_caves, basic_altar
Elf:1:    minmay_roctagon, layout_onion_city, serial_shops, shop,
          serial_co_window_serial, co_window_corner_a, co_window_paths_a,
          co_window_paths_a, co_window_paths_a, co_window_corner_a,
          co_window_corner_a, co_window_of_opportunity_a, co_window_paths_a,
          co_window_corner_a, co_window_unsneaky_path_d, co_window_corner_cb,
          co_window_corner_cb, glass_columns_c
Elf:2:    nicolae_elf_blades_crystal_corner, layout_geoelf_grid, serial_shops,
          nicolae_shop_crystal, kb_rosetta, lemuel_upstairs_altar,
          minmay_shop_grove
Elf:3:    elf_hall, layout_loops_cross, serial_shops, bzr_entry_customers,
          uniq_roxanne
Vaults:1: grunt_tower_of_power, v_misc_8, nicolae_vaults_little_squares_5,
          v_misc_10, v_misc_13, ontoclasm_vaults_pinch, hangedman_vaults_impose,
          v_misc_11, ontoclasm_vaults_misaligned,
          nicolae_vaults_little_squares_2, nicolae_vaults_mini_display_case,
          vaults_dpeg_diagonal, nicolae_vaults_alarming,
          layout_vaults_omnicross, serial_shops, shop
Vaults:2: nicolae_vaults_network_quinsquares
          [nicolae_vaults_network_quincunx_subvault,
          nicolae_vaults_network_quincunx_subvault,
          nicolae_vaults_network_quincunx_subvault,
          nicolae_vaults_network_quincunx_subvault],
          nicolae_vaults_three_branches, minmay_crypt_entry_simple_walls,
          st_squares, nicolae_vaults_shelves_hall, grunt_vaults_funnel,
          nicolae_vaults_little_squares_3, vaults_dpeg_encased_lava,
          ontoclasm_vaults_gateway, ontoclasm_vaults_loading_screen,
          layout_vaults_quadrants, uniq_margery
Vaults:3: v_pattern_4, ontoclasm_vaults_spin, vaults_dpeg_ring,
          vaults_mumra_lcd, ontoclasm_vaults_fault, v_misc_17,
          nicolae_vaults_ninety_degrees, v_misc_9, vaults_standard_mumra_x,
          grunt_vaults_bifocal, nicolae_vaults_big_angled_halls,
          nicolae_vaults_what_the_h, serial_ice_g, ontoclasm_vaults_twist,
          grunt_vaults_focal, vaults_room_octagon, layout_vaults_maze
Vaults:4: portal_desolation_entry_twin_temple,
          vaults_standard_mumra_enter_the_diamond, vaults_dpeg_doors, v_misc_26,
          vaults_room_door_ring, nicolae_vaults_yaktaur_gun_rack,
          nicolae_vaults_bisected_slash, v_misc_11,
          nicolae_vaults_diagonal_hallway_7, vaults_mumra_chevron,
          nicolae_vaults_border_crossing, layout_vaults_ring
Vaults:5
Depths:1: layout_roguey, hellmouth_1, hangedman_decor_push,
          lemuel_flamethrower_1, grunt_megastairs_2
Depths:2: cheibrodos_hall_of_evolution, layout_gridlike, enter_ziggurat_e,
          rand_demon_pan_entry_9, grunt_hell_entry_dis_grunt, serial_shops,
          shop, infiniplex_staircase_pool_1
Depths:3: minmay_the_grid_triangle_9x9_recursive_3_mashed
          [minmay_the_grid_triangle_9x9_descending_squares,
          minmay_the_grid_triangle_9x9_zippers_vertical,
          minmay_the_grid_triangle_9x9_alien,
          minmay_the_grid_triangle_9x9_prize_top_heavy,
          minmay_the_grid_triangle_9x9_tough_junction,
          minmay_the_grid_triangle_9x9_longest,
          minmay_the_grid_triangle_9x9_limited_checkers,
          minmay_the_grid_triangle_9x9_skeleton,
          minmay_the_grid_triangle_9x9_semitri], layout_honeycomb,
          cheibrodos_ashenzari_chains, abyss_entry, hangedman_coc_ice_floe

Skill      XL: |  1  2  3  4  5  6  7  8  9 10 11 12 13 14 15 16 17 18 19 20 21 22 23 |
---------------+----------------------------------------------------------------------+-----
Short Blades   | 3 4 5 7 8 10 11 14 | 14.0
Fighting       | 3 4 5 6 7 9 12 13 14 15 16 17 18 | 18.0
Armour         | 2 3 4 5 7 9 10 12 14 15 16 | 16.0
Dodging        | 2 3 4 5 8 9 10 | 10.4
Evocations     | 2 5 6 8 9 |  9.0
Throwing       | 5 6 9 12 14 16 | 16.0
Stealth        | 3 |  3.0
Shields        | 3 9 13 14 15 16 20 | 20.0

Action                   |  1- 3 |  4- 6 |  7- 9 | 10-12 | 13-15 | 16-18 | 19-21 | 22-24 || total
-------------------------+-------+-------+-------+-------+-------+-------+-------+-------++-------
Melee: Dagger            |    76 |   163 |   295 |   937 |  2447 |  2107 |   272 |       ||  6297
       Short sword       |     7 |       |       |       |       |       |       |       ||     7
       Bite              |    17 |    36 |   100 |   436 |  1256 |  1132 |  1157 |   875 ||  5009
       Punch             |     1 |     2 |     3 |    13 |    28 |       |       |       ||    47
       Quick blade       |       |       |       |       |       |       |  1680 |  1361 ||  3041
Throw: Stone             |       |       |     4 |     8 |    73 |       |       |       ||    85
       Dart              |       |       |       |       |   107 |    32 |     1 |     1 ||   141
       Boomerang         |       |       |       |       |     2 |    27 |    11 |     1 ||    41
Invok: Berserk           |     2 |     1 |     7 |    13 |    18 |    31 |    24 |    12 ||   108
       Trog's Hand       |       |     1 |     2 |     5 |     9 |    11 |     3 |     5 ||    36
       Brothers in Arms  |       |       |       |     1 |     4 |     4 |     3 |     4 ||    16
Evoke: Wand              |       |       |       |     1 |    20 |     2 |       |       ||    23
       Condenser vane    |       |       |       |       |     1 |     2 |       |     1 ||     4
       Tin of tremorston |       |       |       |       |       |     2 |       |       ||     2
       Phial of floods   |       |       |       |       |       |     1 |       |       ||     1
  Use: Scroll            |       |     8 |     1 |    15 |    10 |     5 |    11 |     4 ||    54
       Potion            |       |     1 |     1 |       |       |     8 |       |       ||    10
 Stab: Distracted        |       |     1 |       |       |     4 |       |     1 |       ||     6
       Sleeping          |       |       |       |       |     3 |     1 |       |     1 ||     5
Armor: Animal skin       |     4 |       |       |       |       |       |       |       ||     4
       Scale mail        |    28 |       |       |   149 |   494 |    23 |       |       ||   694
       Plate armour      |     7 |    11 |       |       |       |       |       |       ||    18
       Ring mail         |       |    64 |    81 |    51 |       |       |       |       ||   196
       Leather armour    |       |       |    11 |     2 |       |       |       |       ||    13
       Chain mail        |       |       |       |       |       |   486 |   333 |   216 ||  1035
Dodge: Dodged            |    27 |    73 |   120 |   307 |   795 |   456 |   302 |   264 ||  2344
Block: Buckler           |       |       |       |       |   110 |       |       |       ||   110
       Kite shield       |       |       |       |       |   188 |  1039 |   719 |   479 ||  2425
